 Dungeon Crawl Stone Soup version 0.31-a0-662-g684573625c (webtiles) character file.

Game seed: 9856341327139377409

22706 Pooter the Grappler (level 12, -2/122 HPs)
             Began as a Troll Shapeshifter on Aug 31, 2023.
             Was a High Priest of Okawaru.
             Slain by a five-headed hydra (9 damage)
             ... on level 3 of the Lair of Beasts on Sept 1, 2023.
             The game lasted 01:10:55 (14627 turns).

Pooter the Grappler (Troll Shapeshifter)           Turns: 14627, Time: 01:10:56

Health: -2/122     AC:  5    Str: 29    XL:     12   Next: 65%
Magic:  9/11       EV: 17    Int:  6    God:    Okawaru [*****.]
Gold:   486        SH:  0    Dex: 14    Spells: 11/11 levels left

rFire   . . .        B - +8 falchion of Jifieweff {flame, Dex+5}
rCold   + . .        (no shield)
rNeg    . . .        R - +0 troll leather armour
rPois   .            (helmet currently unavailable)
rElec   .            J - melded scarf {repulsion}
rCorr   .            (gloves unavailable)
SInv    .            (boots unavailable)
Will    .....        M - amulet of regeneration
Stlth   +++          I - ring of protection from cold
HPRegen 2.80/turn    H - +5 ring of evasion
MPRegen 0.12/turn

%: no passive effects
@: beast-form, heroic
A: beast (slay +4), large, unfitting armour, claws 3, regeneration 1, shaggy fur
1, tough skin 1
a: Begin Untransformation, Renounce Religion, Heroism, Finesse, Duel


You were on level 3 of the Lair of Beasts.
You worshipped Okawaru.
Okawaru was extremely pleased with you.
You were a hulking beast.
You visited 2 branches of the dungeon, and saw 14 of its levels.
You also visited: Sewer.

You collected 1002 gold pieces.
You spent 516 gold pieces at shops.

Inventory:

Hand Weapons
 b - a +1 orcbow of draining
   (You took it off a centaur on level 11 of the Dungeon)
 B - the +8 falchion of Jifieweff (weapon) {flame, Dex+5}
   (You found it on level 5 of the Dungeon)

   Dex+5:     It affects your dexterity (+5).
 P - a +0 sling of chaos
   (You found it on level 3 of the Dungeon)
 S - a +1 orcbow of electrocution
   (Okawaru gifted it to you on level 1 of the Lair of Beasts)
Missiles
 e - 9 javelins
 j - 28 poisoned darts
 q - 2 curare-tipped darts
 x - 4 atropa-tipped darts
 F - 7 boomerangs
 O - 9 large rocks (quivered)
 Q - 84 stones
Armour
 z - a +0 robe of willpower
   (You took it off an orc wizard on level 10 of the Dungeon)
 J - a scarf of repulsion (melded)
   (You found it on level 7 of the Dungeon)
 K - a +0 kite shield
   (You found it on level 7 of the Dungeon)
 L - a +2 cloak
   (You found it on level 10 of the Dungeon)
 R - a +0 troll leather armour (worn)
   (You found it on level 11 of the Dungeon)
Jewellery
 l - an amulet of magic regeneration
   (You found it on level 4 of the Dungeon)
 G - an amulet of reflection
   (You found it on level 9 of the Dungeon)
 H - a +5 ring of evasion (right claw)
   (You found it on level 7 of the Dungeon)
 I - a ring of protection from cold (left claw)
   (You found it on level 3 of the Dungeon)
 M - an amulet of regeneration (around neck)
   (You bought it in a shop on level 5 of the Dungeon)
Talismans
 c - a beast talisman (active)
 N - a flux talisman
Wands
 d - a wand of iceblast (1)
   (You found it on level 10 of the Dungeon)
 f - a wand of flame (44)
   (You took it off Pikel on level 8 of the Dungeon)
 D - a wand of digging (3)
   (You found it on level 6 of the Dungeon)
 E - a wand of polymorph (7)
   (You found it on level 8 of the Dungeon)
 T - a wand of light (1)
   (You found it on level 9 of the Dungeon)
Scrolls
 a - a scroll of enchant weapon
 g - 3 scrolls of vulnerability {!r}
 m - 2 scrolls of amnesia
 o - a scroll of enchant armour
 t - 7 scrolls of teleportation {@r4}
 u - a scroll of fear
 v - 2 scrolls of fog
 A - 2 scrolls of immolation {!r}
 C - 4 scrolls of revelation
Potions
 h - 9 potions of curing {@q1}
 i - a potion of ambrosia {unknown}
 k - a potion of invisibility {unknown}
 n - a potion of enlightenment {unknown}
 p - 4 potions of might
 r - a potion of mutation {!q}
 s - a potion of cancellation {unknown}
 w - a potion of heal wounds {unknown}
 y - a potion of lignification {!q}
 U - a potion of attraction {!q}


   Skills:
 + Level 8.6(13.6) Fighting
 * Level 4.2(9.2) Ranged Weapons
 + Level 3.4(8.4) Throwing
 - Level 1.5(6.5) Dodging
 * Level 14.4(19.4) Unarmed Combat
 + Level 9.8 Shapeshifting


You had 11 spell levels left.
You didn't know any spells.
Your spell library contained the following spells:

 Spells                   Type           Power      Damage    Failure   Level
 Kiss of Death            Conj/Necr      0%         2d5       50%         1
 Necrotise                Necr           0%         1d4       50%         1
 Sandblast                Erth           0%         2d4       50%         1
 Shock                    Conj/Air       0%         1d3       50%         1
 Blink                    Tloc           0%         N/A       63%         2
 Cigotuvi's Dreadful Rot  Necr/Pois/Air  0%         N/A       63%         2
 Passwall                 Tmut/Erth      0%         N/A       63%         2
 Confusing Touch          Hex            0%         N/A       86%         3
 Ignite Poison            Fire/Tmut/Pois 0%         N/A       86%         3
 Stone Arrow              Conj/Erth      0%         3d7       86%         3
 Swiftness                Air            0%         N/A       86%         3
 Vampiric Draining        Necr           0%         2d6       86%         3
 Airstrike                Air            0%         2d(0-16)  99%         4
 Dispel Undead            Necr           0%         3d6       99%         4
 Manifold Assault         Tloc           0%         N/A       99%         4
 Agony                    Necr           0%         N/A       100%        5
 Freezing Cloud           Conj/Ice/Air   0%         6-21      100%        5
 Lee's Rapid Deconstruct  Erth           0%         3d4*      100%        5
 Conjure Ball Lightning   Conj/Air       0%         3x3d6     100%        6
 Discord                  Hex            0%         N/A       100%        8
 Disjunction              Tloc           0%         N/A       100%        8
 Animate Armour           Summ/Erth      Unusable   N/A       N/A         4
 Summon Lightning Spire   Summ/Air       Unusable   N/A       N/A         4

Dungeon Overview and Level Annotations

Branches:
Dungeon (11/15) Zot: 25843  Temple (0/1) D:4            Lair (3/5) D:11 Zot: 14472
 Spider (0/4) Lair:2          Orc (0/2) D:10          Sewer (visited)
  Swamp: Lair:2-3    Shoals: Lair:2-3

Altars:
Ashenzari
Cheibriados
Gozag
Kikubaaqudgha
Makhleb
Okawaru
Qazlal
Ru
Trog
Uskayaw
Xom
Zin
The Shining One

Shops:
D:5 =**

Portals:
Trove: D:11 (give +3 gold dragon scales)


Innate Abilities, Weirdness & Mutations

You are a hulking beast.
Your limbs bulge with bestial killing power. (Slay +4)
You are too large for most types of armour.
You have claws for hands.
Your natural rate of healing is unusually fast.
You are covered in fur. (AC +1)
You have tough skin. (AC +1)


Message History

No target in view!
You shoot an arrow.
The arrow barely misses the seven-headed hydra.
You shoot an arrow. The arrow hits the seven-headed hydra!
You feel agile.
The +8 falchion of Jifieweff {flame, Dex+5} bursts into flame!
B - the +8 falchion of Jifieweff (weapon)
{flame, Dex+5} The seven-headed hydra completely misses you.
The seven-headed hydra bites you! x2; The seven-headed hydra bites you.
The seven-headed hydra completely misses you.
The seven-headed hydra bites you but does no damage.
The seven-headed hydra closely misses you.
You gain the combat prowess of a mighty hero.
The seven-headed hydra bites you. x2
The seven-headed hydra barely misses you.
The seven-headed hydra misses you. The seven-headed hydra bites you! x2
The seven-headed hydra closely misses you.
You lop one of the seven-headed hydra's heads off!
The flame cauterises the wound!
You slash the six-headed hydra! You burn the six-headed hydra.
The six-headed hydra bites you! x2
* * * LOW HITPOINT WARNING * * *
The six-headed hydra bites you!
* * * LOW HITPOINT WARNING * * *
The six-headed hydra bites you!
* * * LOW HITPOINT WARNING * * *
The six-headed hydra bites you!
* * * LOW HITPOINT WARNING * * *
The six-headed hydra bites you.
* * * LOW HITPOINT WARNING * * *
You hit the six-headed hydra but do no damage.
The six-headed hydra bites you.
* * * LOW HITPOINT WARNING * * *
The six-headed hydra bites you but does no damage.
The six-headed hydra closely misses you.
The six-headed hydra bites you.
* * * LOW HITPOINT WARNING * * *
The six-headed hydra closely misses you.
The six-headed hydra misses you.
You hack one of the six-headed hydra's heads off!
The flame cauterises the wound!
You slash the five-headed hydra! You burn the five-headed hydra.
You claw the five-headed hydra!!
The five-headed hydra bites you but does no damage.
The five-headed hydra bites you.
* * * LOW HITPOINT WARNING * * *
The five-headed hydra bites you.
* * * LOW HITPOINT WARNING * * *
The five-headed hydra bites you!
* * * LOW HITPOINT WARNING * * *
The five-headed hydra bites you!
You die...

.### . ...### .. .....#
### ######### ...
#...#####.###..##.#.#....
##.......................
#..................$.....
##................#
P..##..#.##P..#.D.#
...##..#########h.##
....#.P# #...# ... ...#
#....# .. ##..# #....#
#...## ....# #...#.
....... #.......


You could see a five-headed hydra.

Vanquished Creatures
  A catoblepas (Lair:2)
  3 two-headed ogres
  2 boulder beetles
  A death yak (D:10)
  Pikel (D:8)
  3 elephants (Lair:1)
  4 cane toads
  A rime drake (Lair:1)
  4 komodo dragons
  A guardian mummy (D:11)
  2 polar bears
  3 trolls
  4 blink frogs (Lair:2)
  3 culicivoras (Lair:2)
  A jumping spider (Lair:2)
  A shadow (D:11)
  2 vampires
  5 basilisks
  A wraith (D:10)
  28 yaks
  3 wyverns
  4 vampire mosquitoes (D:11)
  A redback (Lair:2)
  An acid dragon (D:10)
  11 water moccasins
  6 black bears
  An orc warrior (D:11)
  3 ogres
  4 wolves (Lair:1)
  6 centaurs
  3 phantoms
  A lemure (D:8)
  4 kobold brigands
  11 bullfrogs
  A gnoll sergeant (D:9)
  A scorpion (D:11)
  5 killer bees (D:10)
  An electric eel (Lair:1)
  6 howler monkeys (D:8)
  4 hounds
  A jelly (D:7)
  2 orc priests
  3 iron imps (D:7)
  A sleepcap (D:4)
  Natasha (thrice) (D:2)
  4 iguanas
  4 orc wizards
  6 gnolls
  17 adders
  6 river rats
  5 white imps
  4 worms
  3 dart slugs
  13 orcs
  6 ball pythons
  5 bats
  4 endoplasms
  2 giant cockroaches
  10 goblins
  11 hobgoblins
  8 jackals
  6 quokkas
  13 frilled lizards
  A goblin skeleton (D:5)
  2 goblin zombies (D:5)
  6 hobgoblin zombies (D:5)
  17 kobolds
  A kobold skeleton (D:5)
  A kobold zombie (D:5)
  2 orc skeletons (D:5)
  8 rats
323 creatures vanquished.

Notes
Turn   | Place    | Note
-------+----------+-------------------------------------------
     0 | D:1      | Pooter the Troll Shapeshifter began the quest for the Orb.
     0 | D:1      | Reached XP level 1. HP: 18/18 MP: 0/0
    68 | D:1      | Found a faded altar of an unknown god.
   294 | D:1      | Reached skill level 1 in Fighting
   391 | D:1      | Reached XP level 2. HP: 27/27 MP: 1/1
   659 | D:2      | Noticed Natasha
   665 | D:2      | Killed Natasha
   666 | D:2      | Reached XP level 3. HP: 29/33 MP: 2/2
   666 | D:2      | Noticed Natasha
   676 | D:2      | Killed Natasha
   676 | D:2      | Noticed Natasha
   677 | D:2      | Reached skill level 4 in Unarmed Combat
   677 | D:2      | Reached XP level 4. HP: 32/41 MP: 3/3
   683 | D:2      | Killed Natasha
   962 | D:2      | You fall into a shaft and drop 2 floors!
   962 | D:4      | Found an ancient bone altar of Kikubaaqudgha.
   972 | D:4      | Reached XP level 5. HP: 29/49 MP: 4/4
  1248 | D:4      | Found an iron altar of Okawaru.
  1248 | D:4      | Noticed a phantom
  1257 | D:4      | Killed a phantom
  1258 | D:4      | Reached skill level 5 in Unarmed Combat
  1258 | D:4      | Reached XP level 6. HP: 44/59 MP: 5/5
  1273 | D:4      | Became a worshipper of Warmaster Okawaru
  1795 | D:3      | Found a sacrificial altar of Ru.
  1935 | D:4      | Reached skill level 6 in Unarmed Combat
  1935 | D:4      | Reached XP level 7. HP: 36/67 MP: 6/6
  2072 | D:4      | Found a staircase to the Ecumenical Temple.
  2349 | D:5      | Entered Level 5 of the Dungeon
  2392 | D:5      | Found a glowing drain.
  2396 | Sewer    | Entered a sewer
  3130 | Sewer    | Reached * piety under Okawaru
  3238 | Sewer    | Reached skill level 5 in Shapeshifting
  3583 | D:5      | Found Ussyah's General Store.
  3590 | D:5      | Bought a potion of degeneration for 10 gold pieces
  3590 | D:5      | Bought 4 atropa-tipped darts for 36 gold pieces
  3590 | D:5      | Bought a potion of haste for 100 gold pieces
  3590 | D:5      | Bought a scroll of fear for 40 gold pieces
  3625 | D:5      | Found a glowing golden altar of the Shining One.
  3631 | D:5      | Found Jenipib's Jewellery Emporium.
  3650 | D:5      | Found Pacheti's General Store.
  3687 | D:5      | Reached skill level 7 in Unarmed Combat
  3874 | D:5      | Reached XP level 8. HP: 36/78 MP: 7/7
  4111 | D:5      | Found a glowing silver altar of Zin.
  4349 | D:5      | Identified the +8 falchion of Jifieweff {flame, Dex+5}
  4528 | D:5      | Found a bloodstained altar of Trog.
  4580 | D:5      | Reached skill level 8 in Unarmed Combat
  5322 | D:6      | Found a stormy altar of Qazlal.
  5723 | D:7      | Found a hide-covered altar of Uskayaw.
  5895 | D:7      | Reached ** piety under Okawaru
  5934 | D:7      | Reached XP level 9. HP: 87/87 MP: 8/8
  5942 | D:7      | Found a burning altar of Makhleb.
  5964 | D:7      | Reached skill level 9 in Unarmed Combat
  6437 | D:8      | Reached skill level 5 in Fighting
  6693 | D:8      | Noticed a two-headed ogre
  6700 | D:8      | Killed a two-headed ogre
  6701 | D:8      | Reached skill level 10 in Unarmed Combat
  6703 | D:8      | Noticed Pikel
  6972 | D:8      | Killed Pikel
  6972 | D:8      | Reached *** piety under Okawaru
  7380 | D:9      | Noticed a two-headed ogre
  7390 | D:9      | Killed a two-headed ogre
  7391 | D:9      | Reached XP level 10. HP: 32/98 MP: 7/9
  7595 | D:9      | Reached skill level 11 in Unarmed Combat
  7722 | D:9      | Found a broken altar of Ashenzari.
  7808 | D:9      | Found a snail-covered altar of Cheibriados.
  8477 | D:9      | Found an opulent altar of Gozag.
  8509 | D:10     | Entered Level 10 of the Dungeon
  8509 | D:10     | Found a shimmering altar of Xom.
  8603 | D:9      | Reached **** piety under Okawaru
  8945 | D:10     | Noticed a death yak
  8957 | D:9      | Reached skill level 12 in Unarmed Combat
  9017 | D:10     | Killed a death yak
  9047 | D:10     | Reached XP level 11. HP: 92/109 MP: 10/10
  9089 | D:10     | Noticed a two-headed ogre
  9096 | D:10     | Killed a two-headed ogre
  9270 | D:10     | Found a staircase to the Orcish Mines.
  9506 | D:5      | Bought an amulet of regeneration for 330 gold pieces
  9635 | D:10     | Noticed Maurice
  9644 | D:10     | Maurice changed into Maurice the worm
  9644 | D:10     | Noticed Maurice
  9651 | D:10     | Killed Maurice the worm
  9959 | D:11     | Found a portal to a secret trove of treasure.
 10120 | D:11     | Reached skill level 13 in Unarmed Combat
 10124 | D:11     | Received a gift from Okawaru
 10166 | D:11     | Found the amulet of Elemental Vulnerability {rPois rF--
                  | rC-- AC+8}
 10353 | D:11     | Reached ***** piety under Okawaru
 10357 | D:11     | Reached skill level 1 in Ranged Weapons
 10553 | D:11     | Noticed a boulder beetle
 10566 | D:11     | Killed a boulder beetle
 10749 | D:11     | Found a staircase to the Lair.
 10927 | Lair:1   | Entered Level 1 of the Lair of Beasts
 11198 | Lair:1   | Reached skill level 1 in Throwing
 11236 | Lair:1   | Received a gift from Okawaru
 11289 | Lair:1   | Reached XP level 12. HP: 52/119 MP: 8/11
 12251 | Lair:2   | Reached skill level 14 in Unarmed Combat
 13544 | Lair:2   | Received a gift from Okawaru
 14059 | Lair:2   | Noticed a boulder beetle
 14068 | Lair:2   | Killed a boulder beetle
 14134 | Lair:2   | Found a hole to the Spider Nest.
 14503 | Lair:3   | Noticed a catoblepas
 14533 | Lair:2   | Killed a catoblepas
 14533 | Lair:2   | Received a gift from Okawaru
 14617 | Lair:3   | Noticed a seven-headed hydra
 14627 | Lair:3   | Slain by a five-headed hydra

Illustrated notes

Levels and vault maps discovered:
D:1:      mrwooster_arrival_statue_2, layout_loops_ring,
          hellmonk_ecumenical_altar_lost_god
D:2:      layout_rooms, dreamdust_princess_bridge, minmay_lizard_pond,
          uniq_natasha
D:3:      layout_rooms, nicolae_ru_awakened_eye
D:4:      layout_loops_ring, mainiacjoe_overflow_24_doors,
          kennysheep_little_box, minmay_temple_entry_trees
D:5:      layout_gridville, mainiacjoe_overflow_cross_hatched,
          amcnicky_altar_gilded, nicolae_tso_besieged_by_evil, serial_shops,
          shop, shop, shop, gup_sewer_entry_bowl, grunt_ministairs_7,
          minmay_increasing_density
D:6:      layout_layer_cave, nicolae_qazlal_eye_of_the_storm, minivault_14,
          hangedman_decor_clover_reticule
D:7:      layout_basic, old_standard_altar, demons_altar
D:8:      layout_layer_cave, kennysheep_generic_room_10, uniq_pikel
D:9:      layout_loops_corners, nicolae_overflow_crystal_walls,
          mainiacjoe_overflow_swirl
D:10:     argonaut_augean_stables, layout_cross,
          mainiacjoe_overflow_small_starburst, minmay_circle_x, uniq_maurice
D:11:     layout_grid_maze, grunt_lair_entry_orc_guard_hut,
          nicolae_trove_entry_path_of_doom
Lair:1:   layout_roguey, chequers_serial_rivers_small_b,
          cheibrodos_lair_reptile_den, serial_bayou_shore_a, grunt_megastairs_5
Lair:2:   layout_cave_shapes, spider_nest_entry_funnel_web,
          nzn_sisyphean_effort, infiniplex_staircase_pool_2
Lair:3:   layout_gridlike, nicolae_shoals_entry_roost, minivault_19, pond,
          grunt_megastairs_4, lemuel_fruit_tree, serial_bayou_shore_b

Skill      XL: |  1  2  3  4  5  6  7  8  9 10 11 12 |
---------------+-------------------------------------+-----
Fighting       | 1 2 3 4 6 7 8 |  8.6
Unarmed Combat | 4 5 6 7 8 10 12 13 14 | 14.4
Shapeshifting  | 4 5 6 7 8 9 |  9.8
Ranged Weapons | 2 4 |  4.2
Throwing       | 1 3 |  3.4
Dodging        | |  1.5

Action                     |  1- 3 |  4- 6 |  7- 9 | 10-12 || total
---------------------------+-------+-------+-------+-------++-------
  Melee: Unarmed           |    37 |   148 |   218 |   385 ||   788
         Punch             |     1 |     3 |     9 |    12 ||    25
         Falchion          |       |       |       |     3 ||     3
   Fire: Sling             |       |    15 |   167 |    31 ||   213
         Orcbow            |       |       |       |   137 ||   137
  Throw: Javelin           |       |     2 |     4 |     2 ||     8
         Large rock        |       |       |       |     3 ||     3
 Invoke: Heroism           |       |       |     6 |    22 ||    28
  Evoke: Wand              |       |       |     1 |    11 ||    12
    Use: Scroll            |       |     4 |    11 |     3 ||    18
         Potion            |       |     1 |       |     2 ||     3
 Armour: Animal skin       |    34 |   110 |   154 |    72 ||   370
         Skin              |       |    47 |       |       ||    47
         Troll leather arm |       |       |       |   154 ||   154
         Robe              |       |       |       |    30 ||    30
  Dodge: Dodged            |    27 |    70 |   105 |   290 ||   492
  Block: Kite shield       |       |       |    15 |   131 ||   146
         Reflection        |       |       |       |     9 ||     9
         Other             |       |       |       |     4 ||     4
   Form: Flux              |       |       |     1 |     1 ||     2
         Beast             |       |       |       |     3 ||     3
                           |       |       |       |     1 ||     1

Table legend: (Time is in decaauts)
 A = Elapsed time spent in this place.
 B = Non-inter-level travel time spent in this place.
 C = Inter-level travel time spent in this place.
 D = Time resting spent in this place.
 E = Time spent auto-exploring this place.
 F = Levels seen in this place.
 G = Mean time per level.
                   A        B        C        D        E       F      G
               +--------+--------+--------+--------+--------+-----+--------+
         Total |  14591 |  13843 |    748 |   3560 |   7437 |  15 |  972.7 |
       Dungeon |   9887 |   9211 |    676 |   1431 |   5623 |  11 |  898.8 |
          Lair |   3526 |   3454 |     72 |   1622 |   1331 |   3 | 1175.3 |
         Sewer |   1176 |   1176 |      0 |    506 |    483 |   1 | 1176.0 |
               +--------+--------+--------+--------+--------+-----+--------+

Top non-repeatable levels by time:
  Lair:2: 2321 daAuts
     D:9: 1472 daAuts
     D:5: 1280 daAuts
   Sewer: 1176 daAuts
    D:11: 1156 daAuts
  Lair:1: 1135 daAuts
     D:8: 1132 daAuts
     D:6: 961 daAuts
    D:10: 848 daAuts
     D:4: 725 daAuts
     D:7: 682 daAuts
     D:1: 607 daAuts
     D:2: 571 daAuts
     D:3: 449 daAuts
  Lair:3: 70 daAuts
